 Dungeon Crawl Stone Soup version 0.32-a0-85-g672eff3212 (webtiles) character file.

Game seed: 14268305120204410216

30 SpellstutterSprite the Apothecary (level 3, -1/28 HPs)
             Began as a Naga Alchemist on Feb 5, 2024.
             Slain by an orc wizard
             ... wielding a +0 dagger
              (2 damage)
             ... on level 3 of the Dungeon.
             The game lasted 00:01:23 (1104 turns).

SpellstutterSprite the Apothecary (Naga Alchemist)  Turns: 1104, Time: 00:01:23

Health: -1/28      AC:  2    Str: 10    XL:     3   Next: 18%
Magic:  6/7        EV:  9    Int: 17    God:
Gold:   150        SH:  0    Dex: 11    Spells: 6/7 levels left

rFire   . . .        f - +1 dagger (flame)
rCold   . . .        (no shield)
rNeg    . . .        a - +0 robe
rPois   +            (no helmet)
rElec   .            (no cloak)
rCorr   .            (no gloves)
SInv    +            (no barding)
Will    .....        (no amulet)
Stlth   ++           (no ring)
HPRegen 0.24/turn    (no ring)
MPRegen 0.10/turn

%: no passive effects
@: weak-willed, very slow
A: AC +1, large, see invisible, deformed body, poison resistance, slowness 2,
spit poison 1, naga tail 1
a: Spit Poison


You were on level 3 of the Dungeon.
You visited 1 branch of the dungeon, and saw 3 of its levels.

You collected 150 gold pieces.

Inventory:

Hand Weapons
 f - a +1 dagger of flaming (weapon)
Armour
 a - a +0 robe (worn)
Scrolls
 e - 3 scrolls of identify {unknown}
Potions
 b - a potion of magic
 c - 2 potions of degeneration {unknown}
 d - 2 potions of attraction {unknown}
 h - 2 potions of ambrosia {unknown}


   Skills:
 - Level 1.5 Dodging
 - Level 3.0 Stealth
 + Level 2.7 Spellcasting
 - Level 1.0 Conjurations
 + Level 4.4 Alchemy


You had 6 spell levels left.
You knew the following spells:

 Your Spells              Type           Power      Damage    Failure   Level
s - Sting                 Conj/Alch      44%        1d5       6%          1

Your spell library contained the following spells:

 Spells                   Type           Power      Damage    Failure   Level
 Mercury Vapours          Alch/Air       18%        N/A       11%         2
 Mephitic Cloud           Conj/Alch/Air  8%         N/A       26%         3
 Olgreb's Toxic Radiance  Alch           17%        N/A       28%         4
 Sticky Flame             Fire/Alch      9%         2d5       58%         4


Dungeon Overview and Level Annotations

Branches:
Dungeon (2/15)

Altars:

Shops:
D:3 (


Innate Abilities, Weirdness & Mutations

Your serpentine skin is tough. (AC +1)
You have supernaturally acute eyesight. (SInv)
Armour fits poorly on your strangely shaped body.
Your system is resistant to poisons. (rPois)
You cover ground very slowly.
You can spit poison.
You have a snake-like lower body.


Message History

The orc wizard points at you and mumbles some strange words.
You are confused.
You're too confused to cast spells.
You're too confused to cast spells.
You're too confused to cast spells.
Unknown command.
You're too confused to cast spells.
The orc wizard gestures wildly while chanting.
The orc wizard flickers and vanishes for a moment.
The orc priest miscasts a cantrip.
The orc hits you with a +0 dagger. x2
The orc priest looks braver for a moment.
The orc priest invokes the aid of Beogh against you.
Beogh smites you! The orc attacks as it pursues you!
The orc closely misses you. The orc hits you but does no damage. x2
You hit the orc but do no damage.
The orc is almost dead.
You kill the orc!
You feel less confused. The orc closely misses you.
The orc wizard attacks as it pursues you!
The orc wizard hits you with a +0 dagger.
The orc attacks as it pursues you! The orc closely misses you.
The orc wizard attacks as it pursues you!
The orc wizard hits you with a +0 dagger.
* * * LOW HITPOINT WARNING * * *
The orc attacks as it pursues you! The orc completely misses you.
As you read the scroll labelled FYUKALEZOI, it crumbles to dust.
It is a scroll of enchant weapon.
Your +0 dagger of flaming glows red for a moment.
The orc priest hits you with a +0 hand axe.
* * * LOW HITPOINT WARNING * * *
Unknown command.
As you read the scroll labelled GOCAT DIANO, it crumbles to dust.
A wave of despondency washes over your surroundings.
It was a scroll of vulnerability.
The orc wizard hits you with a +0 dagger.
* * * LOW HITPOINT WARNING * * *
The orc wizard hits you with a +0 dagger.
You die...

+........#.#....#.#
##...).##.#....#.#.#
......###.###.##.#.#####
#####.# #.#...##.......#
#####.# #.##.#####.#.###
......# #....#...#.#...
####### ######.#...# ###
# #...#########.####
#.##†@o........... ...
#∩oo..)...!.... #.##
#.o............ ..
##########..... . #####


You could see an orc priest (weak-willed), 2 orc wizards and an orc
(weak-willed).

Vanquished Creatures
  A ribbon worm (D:3)
  An orc (D:3)
  A ball python (D:2)
  6 bats
  A goblin (D:1)
  3 hobgoblins
  2 jackals (D:1)
  2 kobolds
  5 frilled lizards
  5 rats
27 creatures vanquished.

Notes
Turn   | Place    | Note
-------+----------+-------------------------------------------
     0 | D:1      | SpellstutterSprite the Naga Alchemist began the quest for
                  | the Orb.
     0 | D:1      | Reached XP level 1. HP: 15/15 MP: 3/3
   176 | D:1      | Reached XP level 2. HP: 22/22 MP: 3/5
   225 | D:1      | Reached skill level 4 in Alchemy
   878 | D:2      | You fall into a shaft and drop 1 floor!
   887 | D:3      | Reached XP level 3. HP: 28/28 MP: 1/6
   980 | D:3      | Found Jedwotzi's Antique Weapon Emporium.
  1104 | D:3      | HP: 1/28 [orc wizard/+0 dagger (2)]
  1104 | D:3      | Slain by an orc wizard

Illustrated notes

Levels and vault maps discovered:
D:1:      lightli_arrival_windingriver, layout_rooms
D:2:      minmay_chambers_of_ones, layout_basic
D:3:      layout_basic, grunt_temple_overflow_champion_of_chaos, serial_shops,
          shop, shop, chequers_serial_rivers_large_b

Skill      XL: |  1  2 |
---------------+-------+-----
Alchemy        | 4 |  4.4
Dodging        | |  1.5
Stealth        | |  3.0
Spellcasting   | |  2.7
Conjurations   | |  1.0

Action                     || total
---------------------------++-------
  Melee: Unarmed           ||     5
         Dagger            ||     8
   Cast: Sting             ||    45
Ability: Spit Poison       ||     3
    Use: Scroll            ||     2
 Armour: Robe              ||    26
  Dodge: Dodged            ||    14

Table legend: (Time is in decaauts)
 A = Elapsed time spent in this place.
 B = Non-inter-level travel time spent in this place.
 C = Inter-level travel time spent in this place.
 D = Time resting spent in this place.
 E = Time spent auto-exploring this place.
 F = Levels seen in this place.
 G = Mean time per level.
                   A        B        C        D        E       F      G
               +--------+--------+--------+--------+--------+-----+--------+
         Total |   1305 |   1284 |     21 |     77 |   1029 |   3 |  435.0 |
       Dungeon |   1305 |   1284 |     21 |     77 |   1029 |   3 |  435.0 |
               +--------+--------+--------+--------+--------+-----+--------+

Top non-repeatable levels by time:
     D:1: 873 daAuts
     D:3: 251 daAuts
     D:2: 180 daAuts
